General information
- name: BNet
- type: Ladder team game (AT/RT)
- host: Battle.net
- saver: yule
map: GoldRush
- players: 8
- length: 32:55
- speed: Fast
- version: 1.26 W3XP
- replay type: Public
» download(326 KB)
Players
team 1 (loser)
nightfir3 (
orange | 73 APM | 2378 actions | 32:46)
3 Far Seer
2 Feral Spirit
1 Chain Lighting
» actions
| Assign group hotkey | 41 | |
| Basic commands | 50 | |
| Build / train | 62 | |
| ESC pressed | 1 | |
| Enter build submenu | 16 | |
| Enter hero's abilities submenu | 3 | |
| Give item / drop item | 1 | |
| Remove unit from queue | 2 | |
| Right click | 1258 | |
| Select / deselect | 758 | |
| Select group hotkey | 90 | |
| Use ability | 95 | |
2378 total
» units
| Peon | 18 | |
| Troll Headhunter/Berserker | 13 | |
| Troll Batrider | 2 | |
33 total
» upgrades
| Spiked Barricades | 1 | |
| Troll Regeneration | 1 | |
| Ranged Weapons | 3 | |
| Berserker Upgrade | 1 | |
| Armor | 2 | |
| Liquid Fire | 1 | |
9 total
» buildings
| Altar of Storms | 1 | |
| Orc Burrow | 6 | |
| Barracks | 3 | |
| Voodoo Lounge | 1 | |
| War Mill | 1 | |
| Watch Tower | 3 | |
| Stronghold | 1 | |
| Fortress | 1 | |
| Beastiary | 2 | |
19 total
» build order
00:06 Altar of Storms
00:19 Orc Burrow
00:35 Barracks
01:04 Orc Burrow
01:34 Barracks
04:26 Voodoo Lounge
05:18 War Mill
05:34 Orc Burrow
06:18 Barracks
06:51 Watch Tower
06:52 Watch Tower
06:55 Watch Tower
09:11 Orc Burrow
10:00 Orc Burrow
11:05 Stronghold
12:43 Orc Burrow
14:05 Fortress
18:49 Beastiary
18:51 Beastiary
» items
| Scroll of Speed | 1 | |
| Scroll of Regeneration | 1 | |
| Potion of Lesser Invulnerability | 2 | |
| Scroll of Healing | 2 | |
| Scroll of Town Portal | 1 | |
| Dust of Appearance | 2 | |
| Healing Salve | 3 | |
| Potion of Healing | 1 | |
13 total
nitr0o (
green | 48 APM | 1574 actions | 32:54)
4 Archmage
2 Summon Water Elemental
1 Brilliance Aura
1 Blizzard
» actions
| Assign group hotkey | 49 | |
| Build / train | 37 | |
| ESC pressed | 3 | |
| Enter build submenu | 8 | |
| Enter hero's abilities submenu | 4 | |
| Remove unit from queue | 2 | |
| Right click | 976 | |
| Select / deselect | 319 | |
| Select group hotkey | 124 | |
| Use ability | 48 | |
1574 total
» units
» buildings
| Altar of Kings | 1 | |
| Farm | 4 | |
| Barracks | 1 | |
| Scout Tower | 1 | |
7 total
» build order
00:09 Altar of Kings
00:12 Farm
00:22 Barracks
01:29 Farm
02:12 Scout Tower
02:13 Farm
05:26 Farm
» items
| Scroll of Protection | 1 | |
| Healing Salve | 1 | |
2 total

»
pate (
yellow | 50 APM | 1657 actions | 32:53)
4 Tauren Chieftain
2 Endurance Aura
2 Shockwave
3 Shadow Hunter
2 Healing Wave
1 Hex
1 Firelord
1 Summon Lava Spawn
» actions
| Assign group hotkey | 31 | |
| Basic commands | 6 | |
| Build / train | 81 | |
| Enter build submenu | 24 | |
| Enter hero's abilities submenu | 9 | |
| Give item / drop item | 5 | |
| Remove unit from queue | 2 | |
| Right click | 1057 | |
| Select / deselect | 236 | |
| Select group hotkey | 124 | |
| Use ability | 82 | |
1657 total
» units
| Peon | 24 | |
| Grunt | 5 | |
| Demolisher | 4 | |
| Shaman | 7 | |
| Spirit Walker | 1 | |
| Tauren | 7 | |
48 total
» upgrades
| Armor | 3 | |
| Berserker Strength | 1 | |
| Shaman Training | 2 | |
| Burning Oil | 1 | |
| Pulverize | 1 | |
| Melee Weapons | 2 | |
10 total
» buildings
| Altar of Storms | 1 | |
| Orc Burrow | 9 | |
| Barracks | 2 | |
| Voodoo Lounge | 1 | |
| War Mill | 1 | |
| Stronghold | 1 | |
| Spirit Lodge | 1 | |
| Fortress | 1 | |
| Great Hall | 2 | |
| Tauren Totem | 1 | |
| Watch Tower | 19 | |
39 total
» build order
00:09 Altar of Storms
00:17 Orc Burrow
01:07 Barracks
01:54 Orc Burrow
02:18 Voodoo Lounge
03:37 War Mill
04:44 Orc Burrow
04:45 Orc Burrow
05:23 Stronghold
06:53 Orc Burrow
06:54 Orc Burrow
08:10 Barracks
11:23 Spirit Lodge
11:27 Fortress
11:35 Orc Burrow
11:38 Orc Burrow
13:07 Great Hall
13:59 Tauren Totem
14:05 Orc Burrow
14:13 Watch Tower
14:14 Watch Tower
14:15 Watch Tower
16:08 Watch Tower
16:09 Watch Tower
16:10 Watch Tower
19:24 Watch Tower
19:29 Watch Tower
19:50 Watch Tower
19:52 Watch Tower
19:54 Watch Tower
21:44 Great Hall
29:01 Watch Tower
29:01 Watch Tower
29:02 Watch Tower
29:04 Watch Tower
29:05 Watch Tower
29:11 Watch Tower
29:13 Watch Tower
29:14 Watch Tower
» items
| Healing Salve | 4 | |
| Scroll of Speed | 1 | |
| Periapt of Vitality | 1 | |
| Scroll of Protection | 1 | |
| Orb of Lightning | 1 | |
8 total

»
Scmusebaer (
blue | 51 APM | 1673 actions | 32:51)
3 Mountain King
2 Storm Bolt
1 Bash
2 Paladin
1 Holy Light
1 Devotion Aura
» actions
| Assign group hotkey | 1 | |
| Build / train | 68 | |
| Enter build submenu | 34 | |
| Enter hero's abilities submenu | 5 | |
| Remove unit from queue | 3 | |
| Right click | 1132 | |
| Select / deselect | 368 | |
| Use ability | 61 | |
1673 total
» units
| Peasant | 10 | |
| Footman | 6 | |
| Rifleman | 22 | |
38 total
» upgrades
| Defend | 1 | |
| Plating | 1 | |
| Gunpowder | 3 | |
| Armor | 3 | |
| Long Rifles | 1 | |
| Lumber Harvesting | 1 | |
10 total
» buildings
| Altar of Kings | 1 | |
| Farm | 10 | |
| Barracks | 1 | |
| Blacksmith | 1 | |
| Arcane Vault | 1 | |
| Keep | 1 | |
| Scout Tower | 8 | |
| Arcane Tower | 2 | |
| Castle | 1 | |
| Town Hall | 1 | |
| Workshop | 1 | |
| Lumber Mill | 1 | |
| Guard Tower | 4 | |
33 total
» build order
00:10 Altar of Kings
00:20 Farm
00:46 Barracks
01:30 Farm
01:49 Blacksmith
03:25 Farm
04:04 Arcane Vault
05:34 Farm
08:31 Keep
09:44 Farm
10:27 Farm
11:16 Scout Tower
11:56 Arcane Tower
12:46 Castle
15:17 Farm
15:19 Farm
16:19 Farm
18:32 Town Hall
21:44 Farm
22:31 Scout Tower
22:53 Scout Tower
22:57 Scout Tower
23:30 Scout Tower
23:34 Arcane Tower
23:51 Workshop
24:26 Scout Tower
24:34 Scout Tower
25:03 Lumber Mill
25:53 Scout Tower
27:00 Guard Tower
27:01 Guard Tower
27:03 Guard Tower
27:38 Guard Tower
» items
| Scroll of Regeneration | 1 | |
| Lesser Clarity Potion | 1 | |
2 total
team 2 (winner)
MistletoeNWhine (
pink | 99 APM | 3267 actions | 32:54)
5 Warden
2 Shadow Strike
3 Blink
» actions
| Assign group hotkey | 124 | |
| Basic commands | 34 | |
| Build / train | 75 | |
| Enter build submenu | 20 | |
| Enter hero's abilities submenu | 5 | |
| Give item / drop item | 8 | |
| Right click | 2149 | |
| Select / deselect | 342 | |
| Select group hotkey | 380 | |
| Use ability | 129 | |
3267 total
» units
» upgrades
| Nature's Blessing | 1 | |
| Well Spring | 1 | |
| Ultravision | 1 | |
3 total
» buildings
| Altar of Elders | 1 | |
| Moon Well | 7 | |
| Tree of Ages | 2 | |
| Hunter's Hall | 1 | |
| Tree of Life | 4 | |
| Tree of Eternity | 2 | |
17 total
» build order
00:02 Altar of Elders
00:03 Moon Well
01:52 Moon Well
03:09 Moon Well
05:43 Tree of Ages
05:43 Tree of Ages
06:01 Hunter's Hall
07:41 Tree of Life
09:02 Moon Well
09:04 Moon Well
09:05 Moon Well
09:06 Moon Well
12:43 Tree of Eternity
12:43 Tree of Eternity
21:49 Tree of Life
21:54 Tree of Life
31:10 Tree of Life
» items
| Lesser Clarity Potion | 1 | |
| Healing Salve | 1 | |
| Scroll of Speed | 1 | |
| Boots of Speed | 1 | |
| Staff of Teleportation | 1 | |
| Scroll of Town Portal | 1 | |
| Orb of Lightning | 1 | |
| Scroll of Regeneration | 1 | |
8 total
PwnerOfNoobs (
red | 114 APM | 3750 actions | 32:54)
4 Archmage
2 Blizzard
2 Brilliance Aura
2 Mountain King
1 Storm Bolt
1 Bash
3 Paladin
2 Holy Light
1 Divine Shield
» actions
| Assign group hotkey | 22 | |
| Basic commands | 33 | |
| Build / train | 153 | |
| ESC pressed | 7 | |
| Enter build submenu | 149 | |
| Enter hero's abilities submenu | 9 | |
| Give item / drop item | 4 | |
| Right click | 1512 | |
| Select / deselect | 420 | |
| Select group hotkey | 1053 | |
| Use ability | 387 | |
3750 total
» units
» upgrades
» buildings
| Altar of Kings | 1 | |
| Farm | 4 | |
| Lumber Mill | 1 | |
| Scout Tower | 227 | |
| Guard Tower | 56 | |
| Arcane Tower | 7 | |
| Keep | 1 | |
| Arcane Sanctum | 1 | |
| Castle | 1 | |
| Arcane Vault | 2 | |
| Town Hall | 4 | |
| Gryphon Aviary | 1 | |
306 total
» build order
00:06 Altar of Kings
00:09 Farm
00:12 Lumber Mill
01:58 Scout Tower
02:00 Scout Tower
02:01 Scout Tower
02:46 Guard Tower
02:56 Scout Tower
02:56 Scout Tower
02:57 Scout Tower
03:47 Guard Tower
03:59 Guard Tower
04:57 Scout Tower
04:57 Scout Tower
05:15 Scout Tower
05:15 Scout Tower
05:18 Farm
05:33 Guard Tower
05:36 Scout Tower
05:42 Scout Tower
05:45 Guard Tower
06:17 Guard Tower
07:17 Arcane Tower
07:18 Keep
07:20 Scout Tower
07:21 Scout Tower
07:22 Scout Tower
07:33 Scout Tower
08:15 Scout Tower
08:18 Guard Tower
08:21 Arcane Tower
08:21 Arcane Tower
09:00 Scout Tower
09:27 Guard Tower
09:29 Scout Tower
09:41 Arcane Sanctum
10:01 Guard Tower
10:46 Castle
10:51 Scout Tower
10:52 Scout Tower
10:58 Arcane Vault
11:02 Scout Tower
11:03 Scout Tower
11:19 Scout Tower
11:19 Scout Tower
11:22 Scout Tower
11:35 Arcane Vault
11:37 Guard Tower
11:38 Scout Tower
11:39 Scout Tower
11:39 Scout Tower
11:45 Guard Tower
11:49 Guard Tower
12:42 Scout Tower
12:43 Scout Tower
13:07 Guard Tower
13:24 Guard Tower
14:24 Town Hall
15:03 Farm
15:08 Scout Tower
15:09 Scout Tower
15:09 Scout Tower
15:10 Scout Tower
15:14 Scout Tower
15:15 Scout Tower
15:16 Scout Tower
15:16 Scout Tower
15:19 Scout Tower
15:53 Arcane Tower
15:54 Guard Tower
16:19 Farm
16:23 Guard Tower
17:34 Scout Tower
17:35 Scout Tower
17:37 Scout Tower
17:38 Scout Tower
17:43 Scout Tower
17:44 Scout Tower
17:45 Scout Tower
17:45 Scout Tower
17:49 Scout Tower
17:50 Scout Tower
17:50 Scout Tower
17:51 Scout Tower
17:57 Gryphon Aviary
18:28 Guard Tower
18:31 Guard Tower
19:06 Guard Tower
19:08 Scout Tower
19:09 Scout Tower
19:09 Scout Tower
19:10 Scout Tower
19:12 Guard Tower
19:14 Scout Tower
19:14 Scout Tower
19:15 Scout Tower
20:15 Town Hall
20:53 Scout Tower
20:53 Scout Tower
20:54 Scout Tower
20:55 Scout Tower
20:58 Scout Tower
20:58 Scout Tower
21:01 Scout Tower
21:01 Scout Tower
21:02 Scout Tower
21:02 Scout Tower
21:03 Scout Tower
21:04 Scout Tower
21:04 Scout Tower
21:05 Scout Tower
21:43 Guard Tower
21:46 Scout Tower
21:46 Scout Tower
21:47 Scout Tower
21:47 Scout Tower
21:48 Scout Tower
21:49 Scout Tower
21:49 Scout Tower
21:50 Scout Tower
21:52 Guard Tower
22:09 Town Hall
22:13 Scout Tower
22:13 Scout Tower
22:15 Scout Tower
22:15 Scout Tower
22:16 Scout Tower
22:17 Scout Tower
22:17 Scout Tower
22:19 Scout Tower
22:20 Scout Tower
22:21 Scout Tower
22:37 Guard Tower
22:39 Guard Tower
22:41 Scout Tower
22:41 Scout Tower
22:42 Scout Tower
22:42 Scout Tower
22:43 Scout Tower
22:44 Scout Tower
22:44 Scout Tower
22:48 Guard Tower
23:25 Guard Tower
23:40 Guard Tower
23:41 Guard Tower
23:42 Guard Tower
23:50 Scout Tower
23:51 Scout Tower
23:52 Scout Tower
23:53 Scout Tower
23:53 Scout Tower
23:54 Scout Tower
23:55 Scout Tower
23:56 Scout Tower
23:57 Guard Tower
23:58 Scout Tower
23:59 Scout Tower
23:59 Scout Tower
24:00 Scout Tower
24:00 Scout Tower
24:01 Scout Tower
24:17 Guard Tower
24:18 Scout Tower
24:19 Scout Tower
24:19 Scout Tower
24:20 Scout Tower
24:51 Guard Tower
24:52 Scout Tower
24:52 Scout Tower
24:53 Scout Tower
24:53 Scout Tower
24:56 Guard Tower
25:04 Guard Tower
25:06 Guard Tower
25:06 Guard Tower
25:19 Guard Tower
25:21 Guard Tower
25:24 Guard Tower
25:26 Scout Tower
25:26 Scout Tower
25:27 Scout Tower
25:28 Scout Tower
26:02 Guard Tower
26:07 Scout Tower
26:08 Scout Tower
26:10 Scout Tower
26:11 Scout Tower
26:51 Arcane Tower
27:07 Arcane Tower
27:11 Scout Tower
27:12 Scout Tower
27:12 Scout Tower
27:13 Scout Tower
27:13 Scout Tower
27:14 Scout Tower
27:16 Guard Tower
27:17 Scout Tower
27:17 Scout Tower
27:18 Scout Tower
27:18 Scout Tower
27:19 Scout Tower
27:19 Scout Tower
27:21 Scout Tower
27:21 Scout Tower
27:23 Guard Tower
27:25 Scout Tower
27:26 Scout Tower
27:29 Scout Tower
27:30 Scout Tower
27:31 Scout Tower
27:33 Scout Tower
27:33 Scout Tower
27:34 Scout Tower
27:35 Scout Tower
27:35 Scout Tower
27:36 Scout Tower
27:37 Guard Tower
29:02 Guard Tower
29:04 Scout Tower
29:04 Scout Tower
29:05 Scout Tower
29:06 Scout Tower
29:07 Scout Tower
29:08 Scout Tower
29:09 Scout Tower
29:09 Scout Tower
29:16 Guard Tower
29:19 Scout Tower
29:19 Scout Tower
29:20 Scout Tower
29:21 Scout Tower
29:26 Guard Tower
29:51 Scout Tower
29:51 Scout Tower
29:52 Scout Tower
29:52 Scout Tower
29:55 Town Hall
29:57 Scout Tower
29:57 Scout Tower
30:15 Scout Tower
30:16 Scout Tower
30:17 Scout Tower
30:18 Scout Tower
30:19 Scout Tower
30:19 Scout Tower
30:20 Scout Tower
30:21 Scout Tower
30:22 Guard Tower
30:25 Scout Tower
30:26 Scout Tower
30:27 Scout Tower
30:28 Scout Tower
30:29 Scout Tower
30:30 Scout Tower
30:31 Guard Tower
30:35 Scout Tower
30:35 Scout Tower
30:36 Scout Tower
30:37 Scout Tower
30:38 Scout Tower
30:38 Scout Tower
30:41 Arcane Tower
30:44 Scout Tower
30:45 Scout Tower
30:46 Scout Tower
30:47 Scout Tower
30:48 Scout Tower
30:48 Scout Tower
30:49 Scout Tower
30:50 Scout Tower
31:14 Guard Tower
31:16 Guard Tower
31:18 Guard Tower
31:20 Scout Tower
31:20 Scout Tower
31:21 Scout Tower
31:22 Scout Tower
31:22 Scout Tower
31:23 Scout Tower
31:24 Scout Tower
31:26 Scout Tower
31:52 Guard Tower
31:53 Guard Tower
31:56 Scout Tower
31:56 Scout Tower
31:57 Scout Tower
31:58 Scout Tower
31:59 Scout Tower
31:59 Scout Tower
32:02 Guard Tower
32:03 Scout Tower
32:04 Scout Tower
32:04 Scout Tower
32:05 Scout Tower
32:06 Scout Tower
32:24 Guard Tower
32:26 Scout Tower
32:27 Scout Tower
32:27 Scout Tower
32:28 Scout Tower
32:36 Guard Tower
32:37 Scout Tower
32:38 Scout Tower
32:39 Scout Tower
32:40 Scout Tower
» items
| Boots of Speed | 3 | |
| Periapt of Vitality | 2 | |
| Potion of Invisibility | 1 | |
| Staff of Teleportation | 3 | |
| Staff of Sanctuary | 3 | |
| Orb of Lightning | 3 | |
15 total
WigNau (
teal | 112 APM | 3702 actions | 32:54)
4 Archmage
2 Blizzard
2 Brilliance Aura
4 Mountain King
2 Storm Bolt
2 Bash
3 Paladin
2 Holy Light
1 Divine Shield
» actions
| Assign group hotkey | 255 | |
| Basic commands | 31 | |
| Build / train | 173 | |
| Enter build submenu | 162 | |
| Enter hero's abilities submenu | 12 | |
| Give item / drop item | 4 | |
| Remove unit from queue | 1 | |
| Right click | 1529 | |
| Select / deselect | 525 | |
| Select group hotkey | 628 | |
| Use ability | 382 | |
3702 total
» units
» upgrades
| Masonry | 3 | |
| Lumber Harvesting | 2 | |
| Magic Sentry | 1 | |
| Swords | 1 | |
| Armor | 1 | |
| Storm Hammers | 1 | |
| Animal War Training | 1 | |
10 total
» buildings
| Altar of Kings | 1 | |
| Farm | 5 | |
| Scout Tower | 241 | |
| Arcane Tower | 17 | |
| Lumber Mill | 1 | |
| Guard Tower | 75 | |
| Keep | 1 | |
| Arcane Vault | 5 | |
| Town Hall | 7 | |
| Castle | 1 | |
| Arcane Sanctum | 1 | |
| Gryphon Aviary | 1 | |
| Barracks | 1 | |
| Blacksmith | 1 | |
358 total
» build order
00:06 Altar of Kings
00:19 Farm
00:56 Farm
01:15 Scout Tower
01:38 Scout Tower
01:39 Scout Tower
02:06 Arcane Tower
02:12 Lumber Mill
02:33 Arcane Tower
03:08 Scout Tower
03:31 Guard Tower
03:33 Scout Tower
03:34 Scout Tower
03:39 Farm
03:42 Guard Tower
04:11 Guard Tower
04:30 Guard Tower
04:30 Keep
04:34 Arcane Vault
04:37 Scout Tower
04:40 Scout Tower
04:41 Scout Tower
04:43 Scout Tower
04:43 Scout Tower
05:09 Guard Tower
06:05 Town Hall
06:11 Scout Tower
06:12 Scout Tower
06:15 Scout Tower
06:26 Arcane Tower
06:26 Guard Tower
06:28 Scout Tower
06:29 Scout Tower
06:32 Scout Tower
06:35 Scout Tower
06:40 Scout Tower
06:47 Arcane Tower
07:00 Guard Tower
07:28 Scout Tower
07:29 Arcane Tower
08:24 Guard Tower
08:25 Guard Tower
08:25 Guard Tower
08:25 Guard Tower
08:26 Guard Tower
08:28 Scout Tower
08:52 Scout Tower
08:59 Castle
09:02 Scout Tower
09:15 Guard Tower
09:26 Guard Tower
09:30 Scout Tower
09:31 Scout Tower
09:49 Arcane Vault
09:51 Scout Tower
09:53 Guard Tower
09:54 Guard Tower
10:15 Arcane Vault
10:17 Guard Tower
10:20 Scout Tower
10:21 Scout Tower
10:40 Guard Tower
10:58 Scout Tower
10:59 Scout Tower
11:00 Scout Tower
11:01 Scout Tower
11:02 Scout Tower
11:03 Scout Tower
11:16 Scout Tower
11:17 Scout Tower
11:51 Town Hall
11:55 Scout Tower
11:55 Scout Tower
11:56 Scout Tower
11:57 Scout Tower
11:57 Scout Tower
11:58 Scout Tower
12:01 Scout Tower
12:01 Scout Tower
12:02 Scout Tower
12:03 Scout Tower
12:04 Scout Tower
12:04 Scout Tower
12:07 Arcane Tower
12:07 Guard Tower
12:10 Arcane Sanctum
12:15 Arcane Tower
12:16 Guard Tower
12:18 Scout Tower
12:19 Scout Tower
12:21 Scout Tower
12:22 Scout Tower
12:22 Scout Tower
12:25 Guard Tower
12:26 Scout Tower
12:27 Scout Tower
12:28 Scout Tower
12:34 Farm
12:48 Guard Tower
12:50 Scout Tower
12:51 Scout Tower
12:51 Scout Tower
12:52 Scout Tower
12:53 Scout Tower
12:54 Scout Tower
12:57 Arcane Tower
12:59 Guard Tower
13:06 Scout Tower
13:07 Scout Tower
13:07 Scout Tower
13:08 Scout Tower
13:09 Scout Tower
13:10 Scout Tower
13:10 Scout Tower
13:11 Scout Tower
13:13 Arcane Vault
13:15 Scout Tower
13:16 Scout Tower
13:16 Scout Tower
13:17 Scout Tower
13:17 Scout Tower
13:18 Scout Tower
13:19 Scout Tower
13:20 Scout Tower
13:34 Guard Tower
13:42 Guard Tower
13:46 Arcane Tower
14:14 Guard Tower
14:16 Guard Tower
14:19 Scout Tower
14:19 Scout Tower
14:29 Town Hall
14:31 Scout Tower
14:32 Scout Tower
14:33 Scout Tower
14:33 Scout Tower
14:34 Scout Tower
14:38 Scout Tower
14:39 Scout Tower
14:39 Scout Tower
14:40 Scout Tower
14:40 Scout Tower
14:48 Guard Tower
15:12 Arcane Tower
15:15 Scout Tower
15:16 Scout Tower
15:16 Scout Tower
15:17 Scout Tower
15:28 Scout Tower
15:29 Scout Tower
15:30 Guard Tower
15:32 Guard Tower
15:57 Guard Tower
15:59 Scout Tower
15:59 Scout Tower
16:01 Scout Tower
16:02 Scout Tower
16:03 Scout Tower
16:04 Scout Tower
16:10 Guard Tower
16:55 Guard Tower
16:58 Guard Tower
17:27 Scout Tower
17:29 Guard Tower
17:39 Guard Tower
17:41 Guard Tower
17:45 Guard Tower
18:04 Guard Tower
18:06 Scout Tower
18:07 Scout Tower
18:07 Scout Tower
18:07 Scout Tower
18:18 Scout Tower
18:19 Scout Tower
18:20 Scout Tower
18:45 Guard Tower
18:47 Guard Tower
18:50 Scout Tower
18:51 Scout Tower
18:52 Scout Tower
18:53 Scout Tower
19:01 Scout Tower
19:02 Scout Tower
19:04 Guard Tower
19:06 Scout Tower
19:06 Scout Tower
19:21 Guard Tower
19:22 Scout Tower
19:23 Scout Tower
19:24 Scout Tower
19:26 Scout Tower
19:27 Scout Tower
19:27 Scout Tower
19:34 Guard Tower
19:38 Scout Tower
19:40 Scout Tower
19:44 Guard Tower
19:46 Scout Tower
19:51 Guard Tower
19:55 Scout Tower
19:55 Scout Tower
20:09 Scout Tower
20:13 Scout Tower
20:14 Scout Tower
20:14 Scout Tower
20:15 Scout Tower
20:15 Scout Tower
20:18 Scout Tower
20:19 Scout Tower
20:21 Town Hall
20:28 Scout Tower
20:29 Scout Tower
20:30 Scout Tower
20:31 Scout Tower
20:32 Scout Tower
20:34 Scout Tower
20:34 Scout Tower
20:36 Scout Tower
20:37 Scout Tower
20:39 Scout Tower
20:40 Scout Tower
20:42 Scout Tower
20:43 Scout Tower
20:43 Scout Tower
20:44 Scout Tower
20:45 Scout Tower
20:46 Scout Tower
20:48 Arcane Tower
21:30 Guard Tower
21:32 Scout Tower
21:32 Scout Tower
21:33 Scout Tower
21:34 Scout Tower
21:36 Guard Tower
21:40 Scout Tower
21:42 Scout Tower
21:44 Scout Tower
21:45 Scout Tower
21:46 Scout Tower
21:46 Scout Tower
21:57 Guard Tower
22:04 Gryphon Aviary
22:06 Barracks
22:07 Blacksmith
22:09 Guard Tower
22:43 Guard Tower
23:00 Town Hall
23:05 Scout Tower
23:05 Scout Tower
23:06 Scout Tower
23:07 Scout Tower
23:07 Scout Tower
23:08 Scout Tower
23:09 Scout Tower
23:09 Scout Tower
23:27 Town Hall
23:34 Scout Tower
23:35 Scout Tower
23:35 Scout Tower
23:36 Scout Tower
23:37 Scout Tower
23:37 Scout Tower
23:39 Scout Tower
23:40 Scout Tower
23:41 Scout Tower
23:42 Scout Tower
23:42 Scout Tower
23:43 Scout Tower
23:43 Scout Tower
23:43 Scout Tower
23:47 Arcane Tower
24:03 Arcane Tower
24:06 Guard Tower
24:07 Guard Tower
24:13 Scout Tower
24:15 Scout Tower
24:15 Scout Tower
24:15 Scout Tower
24:16 Scout Tower
24:17 Scout Tower
24:18 Scout Tower
24:19 Scout Tower
24:22 Guard Tower
24:26 Guard Tower
24:28 Scout Tower
24:29 Scout Tower
24:30 Scout Tower
24:30 Scout Tower
24:45 Guard Tower
24:59 Guard Tower
25:01 Guard Tower
25:28 Arcane Vault
25:30 Scout Tower
25:30 Scout Tower
25:31 Scout Tower
25:31 Scout Tower
25:45 Guard Tower
25:52 Guard Tower
26:01 Scout Tower
26:03 Scout Tower
26:04 Scout Tower
26:05 Scout Tower
26:05 Scout Tower
26:07 Guard Tower
26:17 Farm
26:18 Scout Tower
26:23 Guard Tower
26:43 Scout Tower
26:44 Scout Tower
26:51 Arcane Tower
26:58 Guard Tower
27:01 Guard Tower
27:05 Scout Tower
27:06 Scout Tower
27:16 Scout Tower
27:17 Scout Tower
27:28 Guard Tower
27:29 Scout Tower
27:38 Guard Tower
27:40 Scout Tower
27:41 Scout Tower
27:42 Scout Tower
27:49 Guard Tower
27:50 Scout Tower
27:51 Scout Tower
27:53 Scout Tower
27:53 Scout Tower
28:17 Guard Tower
28:22 Scout Tower
28:23 Scout Tower
28:26 Scout Tower
28:27 Scout Tower
28:53 Arcane Tower
29:02 Arcane Tower
29:11 Scout Tower
29:26 Guard Tower
29:32 Guard Tower
29:34 Scout Tower
29:35 Scout Tower
30:29 Guard Tower
30:35 Guard Tower
30:38 Scout Tower
30:38 Scout Tower
30:40 Guard Tower
30:44 Scout Tower
31:18 Town Hall
31:23 Scout Tower
31:24 Scout Tower
31:24 Scout Tower
31:25 Scout Tower
31:25 Scout Tower
31:26 Scout Tower
31:30 Scout Tower
32:38 Arcane Tower
32:41 Guard Tower
32:52 Guard Tower
32:54 Scout Tower
32:54 Scout Tower
» items
| Healing Salve | 2 | |
| Boots of Speed | 3 | |
| Scroll of Regeneration | 1 | |
| Staff of Sanctuary | 3 | |
| Orb of Lightning | 3 | |
| Staff of Teleportation | 3 | |
15 total
yule (
purple | 119 APM | 3909 actions | 32:55)
5 Blademaster
2 Wind Walk
3 Critical Strike
3 Tauren Chieftain
2 Shockwave
1 Endurance Aura
» actions
| Assign group hotkey | 26 | |
| Basic commands | 17 | |
| Build / train | 88 | |
| ESC pressed | 2 | |
| Enter build submenu | 104 | |
| Enter hero's abilities submenu | 10 | |
| Give item / drop item | 14 | |
| Remove unit from queue | 7 | |
| Right click | 2552 | |
| Select / deselect | 489 | |
| Select group hotkey | 334 | |
| Use ability | 266 | |
3909 total
» units
» upgrades
| Ranged Weapons | 1 | |
| Liquid Fire | 1 | |
| Reinforced Defenses | 1 | |
3 total
» buildings
| Altar of Storms | 1 | |
| Orc Burrow | 3 | |
| War Mill | 1 | |
| Voodoo Lounge | 5 | |
| Watch Tower | 126 | |
| Stronghold | 1 | |
| Great Hall | 4 | |
| Fortress | 1 | |
| Beastiary | 2 | |
144 total
» build order
00:10 Altar of Storms
00:20 Orc Burrow
00:35 War Mill
01:05 Voodoo Lounge
02:09 Watch Tower
02:11 Watch Tower
03:12 Watch Tower
03:13 Watch Tower
04:49 Stronghold
04:51 Watch Tower
04:53 Watch Tower
05:07 Orc Burrow
05:43 Watch Tower
05:44 Watch Tower
05:56 Watch Tower
06:45 Great Hall
06:59 Watch Tower
07:06 Watch Tower
08:24 Watch Tower
09:24 Watch Tower
09:32 Voodoo Lounge
09:38 Voodoo Lounge
09:40 Voodoo Lounge
09:53 Fortress
10:12 Voodoo Lounge
10:49 Watch Tower
10:50 Watch Tower
10:56 Watch Tower
10:57 Watch Tower
12:06 Watch Tower
12:06 Watch Tower
12:08 Watch Tower
12:08 Watch Tower
12:33 Orc Burrow
12:35 Watch Tower
12:35 Watch Tower
12:36 Watch Tower
13:33 Beastiary
13:37 Beastiary
13:48 Watch Tower
13:49 Watch Tower
15:32 Watch Tower
15:33 Watch Tower
15:33 Watch Tower
15:39 Great Hall
16:03 Watch Tower
16:04 Watch Tower
16:18 Watch Tower
17:26 Watch Tower
17:27 Watch Tower
17:27 Watch Tower
18:17 Watch Tower
18:18 Watch Tower
18:19 Watch Tower
18:20 Watch Tower
18:30 Watch Tower
18:31 Watch Tower
18:32 Watch Tower
18:33 Watch Tower
19:06 Watch Tower
19:08 Watch Tower
19:24 Watch Tower
20:20 Watch Tower
20:22 Watch Tower
20:23 Watch Tower
20:42 Watch Tower
20:43 Watch Tower
20:44 Watch Tower
20:44 Watch Tower
21:04 Great Hall
21:10 Watch Tower
21:51 Watch Tower
21:51 Watch Tower
21:53 Watch Tower
21:54 Watch Tower
22:36 Great Hall
22:50 Watch Tower
22:51 Watch Tower
22:51 Watch Tower
22:52 Watch Tower
22:52 Watch Tower
22:53 Watch Tower
22:53 Watch Tower
22:54 Watch Tower
22:55 Watch Tower
22:56 Watch Tower
22:56 Watch Tower
22:57 Watch Tower
23:10 Watch Tower
23:10 Watch Tower
23:11 Watch Tower
23:12 Watch Tower
23:33 Watch Tower
23:33 Watch Tower
23:34 Watch Tower
23:35 Watch Tower
23:44 Watch Tower
23:45 Watch Tower
23:45 Watch Tower
23:46 Watch Tower
23:47 Watch Tower
26:53 Watch Tower
26:54 Watch Tower
28:33 Watch Tower
28:33 Watch Tower
28:34 Watch Tower
28:34 Watch Tower
28:35 Watch Tower
28:36 Watch Tower
28:36 Watch Tower
28:37 Watch Tower
28:41 Watch Tower
28:42 Watch Tower
28:43 Watch Tower
28:43 Watch Tower
28:44 Watch Tower
28:44 Watch Tower
28:45 Watch Tower
28:45 Watch Tower
29:18 Watch Tower
29:20 Watch Tower
29:21 Watch Tower
29:21 Watch Tower
29:22 Watch Tower
29:22 Watch Tower
29:23 Watch Tower
29:23 Watch Tower
29:24 Watch Tower
29:25 Watch Tower
29:26 Watch Tower
29:26 Watch Tower
29:27 Watch Tower
29:29 Watch Tower
29:30 Watch Tower
29:31 Watch Tower
29:31 Watch Tower
29:32 Watch Tower
29:32 Watch Tower
29:33 Watch Tower
29:34 Watch Tower
29:41 Watch Tower
29:42 Watch Tower
29:43 Watch Tower
29:43 Watch Tower
» items
| Healing Salve | 6 | |
| Boots of Speed | 4 | |
| Staff of Teleportation | 5 | |
| Lesser Clarity Potion | 6 | |
| Dust of Appearance | 3 | |
| Orb of Lightning | 2 | |
| Staff of Sanctuary | 1 | |
| Scroll of Regeneration | 1 | |
28 total
Chat log
(11:32 / All) PwnerOfNoobs: my pizza, it has arrive
(11:34 / All) MistletoeNWhine: guys dont unpause pls
(11:43 / All) pate: kk
(15:57 / All) yule: any1 like luigi?
(32:16 / All) WigNau: by
(32:49 / All) MistletoeNWhine: get out
(32:50 / All) yule: bye
(32:51 / All) yule: quit
(32:52 / All) yule: kiss
(32:53 / All) yule: my
(32:54 / All) yule: toes